 Dungeon Crawl Stone Soup version 0.20-a0-820-g557356e (webtiles) character file.

3121 Angani the Spear-Bearer (level 9, -4/70 HPs)
             Began as a Merfolk Skald on Mar 4, 2017.
             Was a Believer of Hepliaklqana.
             Slain by a wight
             ... wielding a cursed +3 hand axe
              (5 damage)
             ... on level 9 of the Dungeon.
             The game lasted 00:13:25 (9431 turns).

Angani the Spear-Bearer (Merfolk Skald)             Turns: 9431, Time: 00:13:25

Health: -4/70      AC:  5    Str: 11    XL:     9   Next: 91%
Magic:  12/12      EV: 18    Int: 12    God:    Hepliaklqana [**....]
Gold:   145        SH:  0    Dex: 17    Spells: 11/12 levels left

rFire    . . .     SeeInvis .   a - +0 spear
rCold    . . .     Gourm    +   b - +0 leather armour
rNeg     . . .     Faith    .   (no shield)
rPois    +         Spirit   .   (no helmet)
rElec    .         Reflect  .   e - +1 cloak
rCorr    .         Harm     .   (no gloves)
MR       .....                  (no boots)
Stlth    +.........             x - amulet of the gourmand
Regen    0.3/turn               (no ring)
MPRegen  0.2/turn               y - ring of poison resistance

@: drained
A: change form in water, swift swim, stealthy swim, reduced essence
a: Recall Ancestor, Ancestor Identity, Renounce Religion


You were on level 9 of the Dungeon.
You worshipped Hepliaklqana.
Hepliaklqana was pleased with you.
You were not hungry.

You visited 1 branch of the dungeon, and saw 9 of its levels.

You collected 241 gold pieces.
You spent 96 gold pieces at shops.

Inventory:

Hand Weapons
 a - a +0 spear (weapon)
Armour
 b - a +0 leather armour (worn)
 e - a +1 cloak (worn)
Jewellery
 x - an amulet of the gourmand (around neck)
 y - a ring of poison resistance (left hand)
Wands
 s - a wand of polymorph (8/24)
 u - a wand of paralysis (4/24)
 v - a wand of disintegration (10/24)
 B - a wand of iceblast (7/15)
 C - a wand of lightning (6/15)
Scrolls
 g - 2 scrolls of identify
 h - a scroll of amnesia {unknown}
 i - a scroll of blinking {unknown}
 k - 3 scrolls of recharging
 l - 4 scrolls of remove curse
 m - 3 scrolls of teleportation {unknown}
 o - a scroll of fog
 q - a scroll of immolation
 z - a scroll of torment {unknown}
 A - a scroll of magic mapping
Potions
 n - a potion of lignification
 r - a potion of might
 t - a potion of brilliance
 w - a potion of ambrosia
 D - a potion of cancellation {unknown}
Books
 c - a book of Battle

   Spells                             Type                      Level
   a - Infusion                       Charms                       1
   b - Shroud of Golubria             Charms/Translocation         2
   c - Song of Slaying                Charms                       2
   d - Spectral Weapon                Hexes/Charms                 3
   e - Regeneration                   Charms/Necromancy            3
Comestibles
 d - 8 bread rations
 f - 2 royal jellies
 j - 2 meat rations
 p - 4 fruits


   Skills:
 - Level 10.0(9.1) Fighting
 + Level 10.2(9.3) Polearms
 - Level 0.6(0.0) Armour
 - Level 10.1(9.2) Dodging
 - Level 2.0(1.3) Spellcasting
 - Level 3.2(2.5) Charms


You had 11 spell levels left.
You knew the following spells:

 Your Spells              Type           Power        Failure   Level  Hunger
a - Infusion              Chrm           #...         17%         1    ##.....


Dungeon Overview and Level Annotations

Branches:
Dungeon (9/15)             Temple (0/1) D:6
   Lair: D:8-11         Orc: D:9-12

Altars:
Ashenzari
Dithmenos
Fedhas
Hepliaklqana
Kikubaaqudgha
Makhleb
Nemelex Xobeh
Okawaru
Qazlal
Vehumet
Wu Jian
Yredelemnul
Zin
The Shining One

Shops:
D:6 !=[


Message History

You barely miss the wight.
The wight is severely damaged.
The wight hits you with an enchanted hand axe.
* * * LOW HITPOINT WARNING * * *
The phantom hits Henutmehyt!
You hit the wight but do no damage.
The wight is severely damaged.
Henutmehyt casts a spell at the phantom.
The phantom easily resists.
The wight hits you with an enchanted hand axe!
* * * LOW HITPOINT WARNING * * *
You feel drained.
* * * LOW HITPOINT WARNING * * *
You hit the wight but do no damage.
The wight is severely damaged.
The phantom blinks!
You hit the wight.
The wight is almost destroyed.
The wight hits you with an enchanted hand axe.
You die...

#. .... #. ..# ..
..# .###...
..##.# # #.##.#
#.##.##R#
#....ยง.@#
#######.###z5...#
#.......# z......
#.#####.# .......
#.#####.# .....).
#.##....# ......#
#.##.##.# #####.#
#.......# .#
####.####


You could see the friendly Henutmehyt the hexer, 2 wights and a crimson imp.

Vanquished Creatures
  A wyvern (D:8)
  A sky beast (D:6)
  2 ogres
  2 phantoms
  2 black bears
  2 orc warriors (D:6)
  A centaur (D:5)
  2 bullfrogs (D:7)
  5 killer bees (D:8)
  3 wights (D:9)
  A bullfrog zombie (D:8)
  2 crimson imps
  2 hounds
  2 centaur skeletons
  An orc priest (D:6)
  2 orc wizards
  A bullfrog skeleton (D:3)
  Ijyb (D:2)
  2 iguanas
  A hound skeleton (D:6)
  A worker ant zombie (D:8)
  8 adders
  5 oozes (D:1)
  6 worms
  5 dart slugs
  4 leopard geckos
  8 orcs
  10 bats
  6 giant cockroaches
  2 gnoll zombies (D:6)
  5 goblins
  8 hobgoblins
  4 jackals
  2 quokkas
  2 ball pythons
  9 frilled lizards
  2 jackal skeletons
  5 kobolds
  12 rats
140 creatures vanquished.

Vanquished Creatures (collateral kills)
  A hippogriff (D:7)
  An ogre (D:4)
  2 centaurs
  A scorpion (D:5)
  A water moccasin skeleton (D:5)
  A bullfrog zombie (D:6)
  A howler monkey (D:5)
  2 jellies
  4 hounds
  2 orc wizards (D:4)
  An orc priest (D:4)
  A centaur skeleton (D:6)
  Jessica (D:3)
  A worker ant (D:6)
  A worker ant zombie (D:5)
  A howler monkey skeleton (D:6)
  An adder (D:4)
  A shadow imp (D:5)
  An adder zombie (D:8)
  A worm (D:3)
  A leopard gecko (D:3)
  7 orcs
  A goblin (D:3)
  4 jackals (D:7)
  A kobold (D:3)
40 creatures vanquished.

Vanquished Creatures (others)
  2 hexers (D:8)
  7 ancestors
9 creatures vanquished.

Grand Total: 189 creatures vanquished

Notes
Turn   | Place    | Note
-------+----------+-------------------------------------------
     0 | D:1      | Angani the Merfolk Skald began the quest for the Orb.
     0 | D:1      | Reached XP level 1. HP: 16/16 MP: 3/3
     2 | D:1      | Found a runed door.
    44 | D:1      | Reached XP level 2. HP: 20/22 MP: 5/5
   121 | D:1      | Reached XP level 3. HP: 25/27 MP: 6/6
   126 | D:1      | Reached skill level 5 in Polearms
   330 | D:1      | Reached XP level 4. HP: 33/33 MP: 7/7
  1114 | D:2      | Noticed Ijyb
  1150 | D:2      | Killed Ijyb
  1150 | D:2      | Reached XP level 5. HP: 34/38 MP: 8/8
  2053 | D:2      | Found a hazy altar of Hepliaklqana.
  2132 | D:2      | Became a worshipper of Hepliaklqana the Forgotten
  2327 | D:3      | Reached skill level 5 in Dodging
  2342 | D:3      | Noticed a centaur
  2606 | D:3      | HP: 1/34 [centaur (5)]
  2606 | D:3      | Killed a centaur
  2606 | D:3      | Reached XP level 6. HP: 2/39 MP: 9/9
  3004 | D:3      | Noticed Jessica
  3017 | D:3      | Killed Jessica
  3313 | D:3      | Found an iron altar of Okawaru.
  3544 | D:4      | Noticed a phantom
  3568 | D:4      | Killed a phantom
  3666 | D:4      | Reached XP level 7. HP: 23/45 MP: 10/10
  3976 | D:4      | Reached * piety under Hepliaklqana
  4463 | D:4      | Reached skill level 10 in Dodging
  5024 | D:5      | Entered Level 5 of the Dungeon
  5075 | D:5      | Reached XP level 8. HP: 48/52 MP: 11/11
  5414 | D:5      | Found a sparkling altar of Nemelex Xobeh.
  5669 | D:5      | Reached skill level 5 in Fighting
  5875 | D:6      | Found Xonaics Zaax's Jewellery Shop.
  5931 | D:6      | Found Gipeph's Antique Armour Shoppe.
  5998 | D:6      | Found a staircase to the Ecumenical Temple.
  6730 | D:6      | Got an encrusted large shield
  6736 | D:6      | Identified the +0 large shield of Ru's Generosity {rPois Str+6} (You found it on level 6 of the Dungeon)
  6905 | D:6      | Reached XP level 9. HP: 5/66 MP: 12/12
  7282 | D:6      | Found a basalt altar of Yredelemnul.
  7866 | D:6      | Found Wighab's Distillery.
  7874 | D:6      | Bought 2 potions of might for 96 gold pieces
  8067 | D:7      | Reached ** piety under Hepliaklqana
  8068 | D:7      | Remembered your ancestor Henutmehyt as a hexer
  8271 | D:7      | Reached skill level 10 in Fighting
  8650 | D:7      | Found a shattered altar of Ashenzari.
  8652 | D:7      | Found a glowing golden altar of the Shining One.
  8655 | D:7      | Found a shadowy altar of Dithmenos.
  8656 | D:7      | Found a burning altar of Makhleb.
  8656 | D:7      | Found a glowing silver altar of Zin.
  8656 | D:7      | Found a radiant altar of Vehumet.
  8656 | D:7      | Found a stormy altar of Qazlal.
  8656 | D:7      | Found an ornate altar of the Wu Jian Council.
  8657 | D:7      | Found an iron altar of Okawaru.
  8658 | D:7      | Found a blossoming altar of Fedhas.
  8660 | D:7      | Found an ancient bone altar of Kikubaaqudgha.
  9410 | D:9      | Reached skill level 10 in Polearms
  9429 | D:9      | HP: 3/70 [wight/enchanted hand axe (7)]
  9429 | D:9      | HP: 1/70 [wight/enchanted hand axe (2)]
  9431 | D:9      | Slain by a wight

Vault maps used:
D:1:      dpeg_arrival_caged_fury, minmay_lizard_pond
D:2:      lemuel_crystal_altar, uniq_iyjb
D:3:      kennysheep_okawaru_gauntlet, uniq_jessica
D:4:      minmay_misc_feat_cross
D:5:      black_bear_nest_1, nemelex_xobeh_ov_fountains_minmay, first_bread
D:6:      lemuel_zombie_altar_yredelemnul, minmay_temple_entry_large_hall,
          serial_shops, shop, shop_statue, nicolae_shop_behind_doors
D:7:      minitemple
D:8:      cheibrodos_worm_habitat
D:9:      eat_drink_and_be_merry_uskayaw, orc_0_dummy, grunt_ogre_cave

Skill      XL: |  1  2  3  4  5  6  7  8  9 |
---------------+----------------------------+-----
Polearms       | 4 6 10 | 10.2
Dodging        | 4 6 8 10 | 10.1
Fighting       | 3 8 10 | 10.0
Armour         | |  0.6
Spellcasting   | |  2.0
Charms         | |  3.2

Action                   |  1- 3 |  4- 6 |  7- 9 || total
-------------------------+-------+-------+-------++-------
Melee: Spear             |    98 |   332 |   654 ||  1084
 Cast: Infusion          |       |       |     1 ||     1
Invok: Recall Ancestor   |       |       |     3 ||     3
       Ancestor Identity |       |       |     1 ||     1
       Ancestor Life: He |       |       |     1 ||     1
Evoke: Wand              |       |       |    10 ||    10
  Use: Potion            |       |     3 |     5 ||     8
       Scroll            |       |       |    14 ||    14
 Stab: Distracted        |       |     2 |     4 ||     6
       Confused          |       |       |     7 ||     7
       Sleeping          |       |       |     2 ||     2
  Eat: Chunk             |       |     8 |    23 ||    31
Armor: Leather armour    |    15 |    36 |    49 ||   100
Dodge: Dodged            |    49 |   144 |   383 ||   576
